 Dungeon Crawl Stone Soup version 0.18.1-2-ga659475 (webtiles) character file.

7781 shmeve the Blocker (level 11, 0/148 HPs)
             Began as a Minotaur Berserker on May 8, 2016.
             Was a High Priest of Trog.
             Slain by a spectral orc knight
             ... wielding a +0 glaive
             ... summoned by Nergalle
              (2 damage)
             ... on level 10 of the Dungeon.
             The game lasted 00:23:02 (8083 turns).

shmeve the Blocker (Minotaur Berserker)             Turns: 8083, Time: 00:23:02

Health: 0/148      AC: 14    Str: 29    XL:     11   Next: 1%
Magic:  10/10      EV:  8    Int:  5    God:    Trog [*****.]
Gold:   631        SH: 12    Dex: 10    Spells: 0 memorised, 10 levels left

rFire  . . .     SeeInvis .     A - +0 war axe
rCold  . . .     Gourm    .     C - +0 plate armour
rNeg   . . .     Faith    .     H - +0 shield
rPois  .         Spirit   .     (helmet restricted)
rElec  .         Dismiss  .     (no cloak)
rCorr  +         Reflect  .     B - +0 pair of gloves
SustAt +         Harm     .     b - +0 pair of boots
MR     ++...                    s - amulet of regeneration
Stlth  ..........               M - ring of sustain attributes
                                K - ring of resist corrosion

@: berserking, lethally poisoned (0 -> -3), regenerating, heavily drained, very
quick, very resistant to hostile enchantments, extremely unstealthy
A: retaliatory headbutt, horns 2
a: Berserk, Trog's Hand, Brothers in Arms, Burn Spellbooks, Renounce Religion


You were on level 10 of the Dungeon.
You worshipped Trog.
Trog was extremely pleased with you.
You were hungry.

You visited 1 branch of the dungeon, and saw 10 of its levels.

You collected 631 gold pieces.

Inventory:

Hand Weapons
 A - a +0 war axe (weapon)
Armour
 b - a +0 pair of boots (worn)
 B - a +0 pair of gloves (worn)
 C - a +0 plate armour (worn)
 H - a +0 shield (worn)
Jewellery
 s - an amulet of regeneration (around neck)
 K - a ring of resist corrosion (left hand)
 M - a ring of sustain attributes (right hand)
Scrolls
 d - 2 scrolls of magic mapping
 e - 5 scrolls of teleportation
 j - 9 scrolls of remove curse
 k - 3 scrolls of enchant weapon {unknown}
 m - 3 scrolls of blinking {unknown}
 r - a scroll of amnesia {unknown}
 y - a scroll of enchant armour {unknown}
 E - 4 scrolls of identify
 F - 3 scrolls of random uselessness {unknown}
 J - 2 scrolls of noise {unknown}
Potions
 f - a potion of cancellation {unknown}
 g - 2 potions of heal wounds {unknown}
 h - a potion of degeneration {unknown}
 i - 2 potions of curing {unknown}
 l - 3 potions of haste
 n - 3 potions of lignification {unknown}
 o - 3 potions of ambrosia {unknown}
 t - 3 potions of magic {unknown}
 w - 2 potions of brilliance {unknown}
 x - 2 potions of berserk rage {unknown}
 z - 3 potions of flight {unknown}
 D - 2 potions of cure mutation {unknown}
Comestibles
 c - 7 bread rations
 p - 2 meat rations
 q - a royal jelly
 u - 11 fruits
 v - 7 beef jerkies
 I - a slice of pizza


   Skills:
 * Level 10.1(8.1) Fighting
 * Level 10.1(8.1) Axes
 + Level 5.1(3.4) Throwing
 + Level 7.2(5.4) Armour
 + Level 6.4(4.6) Dodging
 * Level 10.2(8.2) Shields


You had 10 spell levels left.
You didn't know any spells.

Dungeon Overview and Level Annotations

Branches:
Dungeon (10/15)            Temple (0/1) D:5
   Lair: D:8-11         Orc: D:9-12

Altars:
Dithmenos
Fedhas
Gozag
Kikubaaqudgha
Makhleb
Nemelex Xobeh
Okawaru
Pakellas
Qazlal
Ru
Yredelemnul
The Shining One

Shops:
D:6 *

Annotations:
D:10 Nergalle


Innate Abilities, Weirdness & Mutations

You reflexively headbutt those who attack you in melee.
You have a pair of horns on your head.


Message History

You destroy the spectral orc warrior!
You slash the spectral orc!
You destroy the spectral orc!
You feel sick.
Nergalle casts a spell at the spectral orc warrior.
The spectral orc warrior seems to speed up.
The spectral orc warrior hits you but does no damage.
You hit Nergalle but do no damage.
You headbutt Nergalle, but do no damage.
Nergalle is almost dead.
You hit the spectral orc warrior but do no damage.
The spectral orc warrior is heavily damaged.
You barely miss the spectral orc knight.
You feel sick.
The spectral orc knight hits you with a great sword!
* * * LOW HITPOINT WARNING * * *
The spectral orc knight hits you from afar with a glaive.
* * * LOW HITPOINT WARNING * * *
You feel drained.
You die...

######*************
#.....,,,,,,,,,,,,*
##########..###.#.#****,**,*
##.........Z........,,,,,**,*
#####..........Z@#**,*,***,,,,,,,
.......#####.##o#$Z.#*,* **,,,,,,
.......# #.##.#####*,* *,,**,*
######## #.##.# *,* *,***,* #
#.##.# *,* *,* *,* # #.##.#
*,****,* *,* # *********#.##.#
*,,,,*,* *,* # *,,,,,,,,..##.#
*,**,*,***,* *,***********,*
*,,,,,,,,,,*


You could see Nergalle, a spectral orc warrior and 2 spectral orc knights.

Vanquished Creatures
  Erolcha (D:9)
  Erica (D:9)
  A cyclops (D:7)
  Joseph (D:7)
  The ghost of PoisonMushroom the Slinger, a novice HaHu of Okawaru (D:7)
  Sigmund (D:6)
  Eustachio (D:7)
  A hungry ghost (D:8)
  Duvessa (D:4)
  4 orc warriors
  2 sky beasts (D:5)
  3 black bears
  4 ice beasts
  2 phantoms (D:7)
  2 ogres (D:7)
  5 centaurs
  2 big kobolds
  Blork the orc (D:7)
  7 giant frogs
  3 gnoll sergeants (D:7)
  Dowan (D:4)
  9 killer bees
  5 wights (D:9)
  3 howler monkeys (D:8)
  3 giant frog zombies
  2 crimson imps
  A jelly (D:5)
  9 orc wizards
  5 orc priests
  A centaur skeleton (D:6)
  14 worker ants
  A killer bee zombie (D:8)
  A worker ant zombie (D:6)
  17 gnolls
  4 adders
  2 howler monkey skeletons
  3 shadow imps
  3 oozes
  An adder zombie (D:7)
  An adder skeleton (D:4)
  3 worms
  3 dart slugs
  4 giant geckos
  17 orcs
  A ball python (D:1)
  5 bats
  6 giant cockroaches
  21 hobgoblins
  10 jackals
  14 kobolds
  4 quokkas
  3 giant newts
  36 goblins
  5 rats
262 creatures vanquished.

Notes
Turn   | Place    | Note
--------------------------------------------------------------
     0 | D:1      | shmeve the Minotaur Berserker began the quest for the Orb.
     0 | D:1      | Reached XP level 1. HP: 19/19 MP: 0/0
   110 | D:1      | Reached XP level 2. HP: 22/27 MP: 1/1
   469 | D:1      | Reached XP level 3. HP: 25/33 MP: 2/2
   486 | D:1      | Reached ** piety under Trog
   711 | D:2      | Reached skill level 1 in Throwing
  1069 | D:2      | You fall through a shaft!
  1361 | D:3      | Reached XP level 4. HP: 33/41 MP: 3/3
  1588 | D:3      | Found a burning altar of Makhleb.
  1591 | D:3      | Found a blossoming altar of Fedhas.
  1594 | D:3      | Found an ancient bone altar of Kikubaaqudgha.
  2059 | D:4      | Found a basalt altar of Yredelemnul.
  2120 | D:4      | Reached XP level 5. HP: 44/47 MP: 4/4
  2126 | D:4      | Reached skill level 5 in Fighting
  2192 | D:4      | Reached *** piety under Trog
  2331 | D:4      | Reached skill level 5 in Axes
  2358 | D:4      | Reached **** piety under Trog
  2358 | D:4      | Reached XP level 6. HP: 46/56 MP: 5/5
  2631 | D:4      | Found a sacrificial altar of Ru.
  2672 | D:4      | Found an oddly glowing altar of Pakellas.
  2686 | D:4      | Noticed Dowan
  2689 | D:4      | Noticed Duvessa
  2696 | D:4      | Killed Dowan
  2699 | D:4      | Killed Duvessa
  2699 | D:4      | Reached XP level 7. HP: 46/63 MP: 6/6
  3114 | D:4      | Found a sparkling altar of Nemelex Xobeh.
  3325 | D:5      | Entered Level 5 of the Dungeon
  3375 | D:5      | Reached skill level 5 in Armour
  3375 | D:5      | Reached XP level 8. HP: 9/73 MP: 7/7
  3663 | D:5      | Found a shadowy altar of Dithmenos.
  3763 | D:5      | Found a staircase to the Ecumenical Temple.
  4385 | D:6      | Found Gozag's Platinum Reserve.
  4522 | D:6      | Received a gift from Trog
  4522 | D:6      | Reached skill level 5 in Dodging
  4681 | D:6      | Noticed Sigmund
  4687 | D:6      | Killed Sigmund
  4894 | D:6      | Found an iron altar of Okawaru.
  4894 | D:6      | Found a glowing golden altar of the Shining One.
  5041 | D:6      | Found an opulent altar of Gozag.
  5253 | D:7      | Reached XP level 9. HP: 81/82 MP: 8/8
  5264 | D:7      | Noticed Blork the orc
  5264 | D:7      | Noticed Eustachio
  5274 | D:7      | Killed Blork the orc
  5284 | D:7      | Killed Eustachio
  5362 | D:7      | Reached skill level 1 in Shields
  5515 | D:7      | Noticed PoisonMushroom's ghost (novice HaHu)
  5525 | D:7      | Killed PoisonMushroom's ghost
  5539 | D:7      | Reached skill level 5 in Shields
  5579 | D:7      | Noticed Joseph
  5584 | D:7      | Noticed a cyclops
  5591 | D:7      | Reached ***** piety under Trog
  5592 | D:7      | Killed Joseph
  5598 | D:7      | Killed a cyclops
  5598 | D:7      | Reached XP level 10. HP: 91/91 MP: 9/9
  5728 | D:7      | Received a gift from Trog
  6804 | D:8      | Received a gift from Trog
  6920 | D:8      | Found a stormy altar of Qazlal.
  7059 | D:8      | Found a glowing golden altar of the Shining One.
  7330 | D:9      | Noticed Erica
  7350 | D:9      | Killed Erica
  7364 | D:9      | Reached skill level 5 in Throwing
  7539 | D:9      | Reached skill level 10 in Shields
  7776 | D:9      | Noticed Erolcha
  7782 | D:9      | Killed Erolcha
  7782 | D:9      | Reached skill level 10 in Fighting
  7782 | D:9      | Reached skill level 10 in Axes
  7782 | D:9      | Reached XP level 11. HP: 35/99 MP: 10/10
  7972 | D:10     | Entered Level 10 of the Dungeon
  8047 | D:10     | Noticed Nergalle
  8054 | D:10     | Noticed a spectral orc warlord
  8083 | D:10     | HP: 7/148 [spectral orc knight/great sword[Nergalle] (8)]
  8083 | D:10     | HP: 2/148 [spectral orc knight/glaive[Nergalle] (5)]
  8083 | D:10     | Slain by a spectral orc knight

Skill      XL: |  1  2  3  4  5  6  7  8  9 10 |
---------------+-------------------------------+-----
Fighting       | 4 5 6 7 8 9 10 | 10.1
Axes           | 4 5 6 8 9 10 | 10.1
Throwing       | 1 2 4 5 |  5.1
Armour         | 3 4 5 6 7 |  7.2
Dodging        | 3 4 5 6 |  6.4
Shields        | 7 10 | 10.2

Action                   |  1- 3 |  4- 6 |  7- 9 | 10-12 || total
-------------------------+-------+-------+-------+-------++-------
Melee: Hand axe          |    84 |   164 |    27 |       ||   275
       Headbutt          |    17 |    24 |    35 |    52 ||   128
       War axe           |       |       |   162 |   286 ||   448
Invok: Berserk           |     1 |       |     5 |     1 ||     7
       Burn Spellbooks   |       |     1 |       |     2 ||     3
       Trog's Hand       |       |     1 |     1 |     3 ||     5
  Use: Scroll            |       |       |       |     5 ||     5
  Eat: Chunk             |     1 |     6 |    11 |    12 ||    30
       Fruit             |       |       |     1 |       ||     1
       Beef jerky        |       |       |     1 |       ||     1
Armor: Animal skin       |    15 |     2 |       |       ||    17
       Chain mail        |       |    97 |    66 |       ||   163
       Plate armour      |       |       |    73 |   130 ||   203
Dodge: Dodged            |    59 |   101 |    98 |   100 ||   358
Block: Shield            |       |       |       |   185 ||   185
